[Event "Late Titled Tuesday Blitz February 8 2022"]
[White "Kalajzic, Ivan"]
[Black "Ozates, Tuna"]
[WhiteFideId "14506378"]
[BlackFideId "6354521"]
[WhiteElo "2163"]
[BlackElo "1872"]
[Result "0-1"]
[Round "03"]
[TimeControl "180+1"]
[Date "2022.02.09"]
[WhiteClock "0:00:11"]
[BlackClock "0:01:09"]

1. b3 c5 2. Bb2 Nc6 3. e3 e5 4. Bb5 Qg5 5. Nf3 Qxg2 6. Rg1 Qh3 7. Bxc6 dxc6 8. Bxe5 Bg4 9. Rg3 Qh5 10. Bb2 Bd6 11. Rxg4 Qxg4 12. d3 Nf6 13. Nbd2 O-O-O 14. Qe2 Nd5 15. O-O-O f6 16. Rg1 Qd7 17. Ne4 Rhg8 18. Nfd2 Bxh2 19. Rh1 Be5 20. Nxc5 Bxb2+ 21. Kxb2 Qe7 22. d4 g6 23. c4 Nc7 24. Qf3 Ne6 25. Qh3 f5 26. Nxe6 Qxe6 27. Nf3 Qe4 28. Ne5 h5 29. Rg1 Rxd4 30. exd4 Qxd4+ 31. Ka3 Qc5+ 32. b4 Qxe5 0-1


[Site "https://www.chess.com"]

[Event "Late Titled Tuesday Blitz February 8 2022"]
[White "Kanyamarala, Tarun"]
[Black "Maksimovic, Bojan"]
[WhiteFideId "45004714"]
[BlackFideId "14408120"]
[WhiteElo "2515"]
[BlackElo "2890"]
[Result "1-0"]
[Round "03"]
[TimeControl "180+1"]
[Date "2022.02.09"]
[WhiteClock "0:00:03"]
[BlackClock "0:00:03"]

1. d4 d5 2. c4 e5 3. dxe5 d4 4. Nf3 Nc6 5. a3 Nge7 6. b4 Ng6 7. Bb2 a5 8. b5 Ncxe5 9. Nxe5 Nxe5 10. Qxd4 Qxd4 11. Bxd4 Nxc4 12. e3 Be6 13. Nc3 Nxa3 14. Bd3 O-O-O 15. Ke2 Bb4 16. Rhc1 f6 17. Na4 Kb8 18. b6 c6 19. Bc5 Rd5 20. Be4 Rd2+ 21. Kf1 Bc4+ 22. Kg1 Rhd8 23. h3 Bb5 24. Bxb4 axb4 25. Nc5 g6 26. g4 Re8 27. Bf3 Re5 28. Nb3 Rb2 29. Nd4 Re8 30. h4 Re7 31. h5 g5 32. Bg2 h6 33. Nf5 Rh7 34. Nd6 Bd3 35. Rd1 Be2 36. Rd4 c5 37. Rd5 c4 38. Nf5 Rh8 39. Rd7 Kc8 40. Rxb7 c3 41. Rc7+ Kd8 42. Ne7 c2 43. Nc6+ Ke8 44. b7 c1=Q+ 45. Rxc1 Rb1 46. b8=Q# 1-0


[Site "https://www.chess.com"]

[Event "Late Titled Tuesday Blitz February 8 2022"]
[White "Karas, Marek"]
[Black "Wu, Christopher"]
[WhiteFideId "14928558"]
[BlackFideId "2040875"]
[WhiteElo "2459"]
[BlackElo "2652"]
[Result "0-1"]
[Round "03"]
[TimeControl "180+1"]
[Date "2022.02.09"]
[WhiteClock "0:02:12"]
[BlackClock "0:01:14"]

1. Nf3 c5 2. b3 d6 3. Bb2 e5 4. e3 Nf6 5. c4 Nc6 6. Nc3 Be7 7. Qc2 O-O 8. h3 a6 9. Nd5 Nxd5 10. cxd5 Nb4 11. Qe4 f5 12. Qb1 Nxd5 13. Bc4 Be6 14. g4 b5 15. gxf5 bxc4 16. fxe6 Nb4 17. Ke2 Nd3 18. bxc4 e4 19. Ne1 Rxf2+ 20. Kd1 Nxb2+ 21. Qxb2 Bf6 22. Qb1 Qa5 0-1


[Site "https://www.chess.com"]

[Event "Late Titled Tuesday Blitz February 8 2022"]
[White "Kashefi, Amir Hosein"]
[Black "Zierk, Steven"]
[WhiteFideId "12557935"]
[BlackFideId "2034255"]
[WhiteElo "2501"]
[BlackElo "2821"]
[Result "0-1"]
[Round "03"]
[TimeControl "180+1"]
[Date "2022.02.09"]
[WhiteClock "0:00:01"]
[BlackClock "0:00:48"]

1. d4 d5 2. Nf3 Nf6 3. g3 c5 4. dxc5 e6 5. b4 a5 6. c3 axb4 7. cxb4 b6 8. a4 bxc5 9. b5 c4 10. Bg2 Bc5 11. O-O O-O 12. Ne5 Ra7 13. Bd2 Qc7 14. Bc3 Rd8 15. Bd4 Ne4 16. e3 f6 17. Nxc4 dxc4 18. Bxe4 f5 19. Bf3 e5 20. Bxe5 Rxd1 21. Bxc7 Rxf1+ 22. Kxf1 Rxc7 23. a5 Bb4 24. b6 Rd7 25. Ke2 Ba6 26. Na3 c3+ 27. Ke1 c2# 0-1


[Site "https://www.chess.com"]

[Event "Late Titled Tuesday Blitz February 8 2022"]
[White "Khanin, Semen"]
[Black "Stearman, Josiah"]
[WhiteFideId "4111990"]
[BlackFideId "2062496"]
[WhiteElo "2793"]
[BlackElo "2553"]
[Result "1-0"]
[Round "03"]
[TimeControl "180+1"]
[Date "2022.02.09"]
[WhiteClock "0:00:03"]
[BlackClock "0:00:07"]

1. e4 c5 2. Nf3 Nc6 3. c3 e5 4. d4 cxd4 5. cxd4 d5 6. exd5 Qxd5 7. Nc3 Bb4 8. Nxe5 Nxd4 9. Qa4+ Bd7 10. Nxd7 b5 11. Qxb4 Nc2+ 12. Ke2 Qe6+ 13. Qe4 Nxa1 14. Ne5 Rd8 15. Kf3 Nf6 16. Bxb5+ Kf8 17. Qf4 Nc2 18. Bc4 Qe7 19. Be3 Qb7+ 20. Ne4 Nd4+ 21. Bxd4 Rxd4 22. Bd3 Nd5 23. Qf5 f6 24. Rc1 Ne7 25. Qe6 fxe5 26. Ke2 Rxe4+ 27. Bxe4 Qxe4+ 28. Kf1 Qd3+ 29. Kg1 Qd8 30. Re1 Ng6 31. h4 Qf6 32. Qc8+ Kf7 33. Qc4+ Qe6 34. Qe4 Re8 35. h5 Nf4 36. g3 Nd5 37. Qxh7 Nf6 38. Qg6+ Kg8 39. h6 Qf7 40. Qg5 Nh7 41. Qg4 g6 42. Qa4 Qe7 43. Qb3+ Kh8 44. Re4 Nf6 45. Rb4 Kh7 46. Rb7 Nd7 47. Qd5 Rd8 48. Rxa7 e4 49. Qd4 Kxh6 50. b4 Qe5 51. Qe3+ g5 52. Kg2 Nf6 53. Ra6 Qf5 54. Qc5 g4 55. Qxf5 1-0


[Site "https://www.chess.com"]

[Event "Late Titled Tuesday Blitz February 8 2022"]
[White "Khater, Sherif"]
[Black "Hess, Robert"]
[WhiteFideId "2034280"]
[BlackFideId "2022036"]
[WhiteElo "2513"]
[BlackElo "2886"]
[Result "1-0"]
[Round "03"]
[TimeControl "180+1"]
[Date "2022.02.09"]
[WhiteClock "0:00:43"]
[BlackClock "0:00:01"]

1. b3 g6 2. Bb2 Nf6 3. Nf3 Bg7 4. c4 d6 5. g3 Nbd7 6. Bg2 O-O 7. O-O e6 8. d4 a6 9. Nbd2 Rb8 10. e4 b5 11. Rc1 Bb7 12. Re1 bxc4 13. Rxc4 Nxe4 14. Qc2 Nxd2 15. Nxd2 Bxg2 16. Kxg2 Rb7 17. Rc1 c5 18. dxc5 Bxb2 19. Qxb2 Nxc5 20. Rd1 Rb5 21. h4 d5 22. Rc2 Qe7 23. Qd4 Rd8 24. Nf3 Ne4 25. Rdc1 Rb4 26. Qe3 Rb7 27. Ne5 Qf6 28. Ng4 Qe7 29. Qf4 f5 30. Ne5 Qd6 31. Rc6 Qe7 32. Rxa6 Rf8 33. Rac6 Ra7 34. R6c2 Qg7 35. f3 Nf6 36. Qe3 d4 37. Qe2 Nd5 38. Nc6 Ne3+ 39. Kh2 Nxc2 40. Nxa7 Nb4 41. Qxe6+ Kh8 42. Nc6 Nxa2 43. Rc4 d3 44. Ne5 d2 45. Rd4 Nc3 46. Rd7 1-0


[Site "https://www.chess.com"]

[Event "Late Titled Tuesday Blitz February 8 2022"]
[White "Khripachenko, Alexander"]
[Black "Marcziter, Dmitrii"]
[WhiteFideId "54184975"]
[BlackFideId "13900765"]
[WhiteElo "2177"]
[BlackElo "2155"]
[Result "1-0"]
[Round "03"]
[TimeControl "180+1"]
[Date "2022.02.09"]
[WhiteClock "0:02:28"]
[BlackClock "0:01:17"]

1. d4 d5 2. c4 e6 3. Nc3 c5 4. cxd5 exd5 5. Nf3 Nc6 6. e3 a6 7. Bd3 Nf6 8. O-O Bg4 9. dxc5 Bxc5 10. Be2 O-O 11. b3 Qd6 12. Bb2 Rad8 13. Rc1 Ba7 14. Nd4 Bb8 15. g3 Bh3 16. Re1 Ne4 17. Nxe4 dxe4 18. Nxc6 bxc6 19. Qxd6 Bxd6 20. Rxc6 a5 21. Bf1 Bf5 22. Rd1 Bb4 23. Rxd8 Rxd8 24. Bd4 h6 25. Be2 Bh3 26. Bf1 Bg4 27. h3 Bf3 28. Bg2 f6 29. Bxf3 exf3 30. g4 h5 31. gxh5 Rd5 32. h6 Rg5+ 33. Kf1 Rg2 34. hxg7 Rh2 35. Kg1 Rg2+ 36. Kh1 Rxf2 37. Rxf6 Rf1+ 38. Kh2 Rf2+ 39. Kg3 Rf1 40. Rxf3 Be1+ 41. Kf4 Rg1 42. Ke4 Bb4 43. Rf4 Rg6 44. Rh4 1-0


[Site "https://www.chess.com"]

[Event "Late Titled Tuesday Blitz February 8 2022"]
[White "Kiolbasa, Oliwia"]
[Black "Iskusnyh, Sergei"]
[WhiteFideId "1154613"]
[BlackFideId "4120027"]
[WhiteElo "2471"]
[BlackElo "2656"]
[Result "1/2-1/2"]
[Round "03"]
[TimeControl "180+1"]
[Date "2022.02.09"]
[WhiteClock "0:00:05"]
[BlackClock "0:00:03"]

1. e4 e6 2. d4 d5 3. e5 c5 4. c3 Nc6 5. Nf3 Qb6 6. Bd3 cxd4 7. O-O Bd7 8. Re1 Rc8 9. Nbd2 dxc3 10. bxc3 Na5 11. Rb1 Qc7 12. Bb2 Ne7 13. Nd4 Ng6 14. Nb5 Bxb5 15. Bxb5+ Nc6 16. c4 dxc4 17. Nxc4 Rd8 18. Qf3 Be7 19. Nd6+ Bxd6 20. exd6 Qxd6 21. Bxg7 Rg8 22. Qf6 e5 23. Ba4 Qxf6 24. Bxf6 Rd6 25. Bxe5 Nxe5 26. Rxe5+ Kf8 27. Ree1 Rg4 28. Bxc6 bxc6 29. Rb7 Ra4 30. g3 Rxa2 31. Ree7 Rf6 32. f4 Kg8 33. Rxa7 Rc2 34. Rac7 Rd6 35. Re8+ Kg7 36. Re1 Rdd2 37. Rb1 Rg2+ 38. Kf1 Rxh2 39. Kg1 Rcg2+ 40. Kf1 Rxg3 41. Rbb7 Rgg2 42. Rxf7+ Kg8 43. Rfc7 Rf2+ 44. Kg1 Rhg2+ 45. Kh1 Kh8 46. Rxc6 Rg6 47. Rc8+ Rg8 48. Rcc7 Rf1+ 49. Kh2 Rf2+ 50. Kh1 Rf1+ 51. Kh2 Rf2+ 52. Kh1 1/2-1/2


[Site "https://www.chess.com"]

[Event "Late Titled Tuesday Blitz February 8 2022"]
[White "Kirillov, Dmitry"]
[Black "Peterson, Eric"]
[WhiteFideId "34180572"]
[BlackFideId "14908395"]
[WhiteElo "2076"]
[BlackElo "2195"]
[Result "1-0"]
[Round "03"]
[TimeControl "180+1"]
[Date "2022.02.09"]
[WhiteClock "0:00:25"]
[BlackClock "0:00:38"]

1. d4 e6 2. c4 d5 3. Nf3 Nf6 4. e3 c5 5. Nc3 cxd4 6. exd4 Be7 7. c5 O-O 8. Bd3 b6 9. b4 a5 10. Ba3 axb4 11. Bxb4 Nc6 12. a3 bxc5 13. dxc5 Ba6 14. O-O Bxd3 15. Qxd3 e5 16. Qb5 Qd7 17. Rad1 Rfb8 18. Qe2 d4 19. Nxe5 Nxe5 20. Qxe5 Rd8 21. c6 Qxc6 22. Bxe7 Re8 23. Ne2 Ra7 24. Nxd4 Qb7 25. Nf5 h6 26. Nxh6+ gxh6 27. Qg3+ 1-0


[Site "https://www.chess.com"]

[Event "Late Titled Tuesday Blitz February 8 2022"]
[White "Kobalia, Mikhail"]
[Black "Nihal Sarin"]
[WhiteFideId "4119150"]
[BlackFideId "25092340"]
[WhiteElo "2667"]
[BlackElo "2705"]
[Result "0-1"]
[Round "03"]
[TimeControl "180+1"]
[Date "2022.02.08"]
[WhiteClock "0:00:44"]
[BlackClock "0:01:00"]

1. e4 c6 2. d4 d5 3. exd5 cxd5 4. Bd3 Nc6 5. c3 Qc7 6. Ne2 Bg4 7. O-O e6 8. Qe1 Bd6 9. f3 Bh5 10. Qh4 Bg6 11. Bxg6 fxg6 12. Bf4 Nf6 13. Qg3 e5 14. dxe5 Nxe5 15. Qh3 O-O 16. Nd2 Rae8 17. Nd4 Nd3 18. Bxd6 Qxd6 19. Rab1 Qf4 20. N2b3 Qe3+ 21. Kh1 Ne4 0-1


[Site "https://www.chess.com"]

[Event "Late Titled Tuesday Blitz February 8 2022"]
[White "Kopylov, Alexander A."]
[Black "Curtis, John"]
[WhiteFideId "4164857"]
[BlackFideId "3200256"]
[WhiteElo "2799"]
[BlackElo "2277"]
[Result "1-0"]
[Round "03"]
[TimeControl "180+1"]
[Date "2022.02.09"]
[WhiteClock "0:01:04"]
[BlackClock "0:00:20"]

1. e4 e6 2. d4 d5 3. Nd2 dxe4 4. Nxe4 Nd7 5. Nf3 Ngf6 6. Bd3 Nxe4 7. Bxe4 Be7 8. O-O Nf6 9. Bd3 c5 10. Be3 cxd4 11. Bxd4 Bd7 12. Ne5 O-O 13. Qf3 Qc8 14. Rad1 Bc5 15. Bc3 Bc6 16. Qh3 Be4 17. Nd7 Nxd7 18. Bxe4 f5 19. Bd3 Nf6 20. Qf3 Nd5 21. Be5 Qc6 22. Qe2 a6 23. Bc4 Rad8 24. Bb3 b5 25. c4 bxc4 26. Bxc4 Rc8 27. Bb3 Rfd8 28. h3 Bf8 29. Bg3 f4 30. Bh4 Rd7 31. Rfe1 Re8 32. Qe4 h6 33. Qg6 Nc7 34. Bc2 Rxd1 35. Qh7+ Kf7 36. Bg6# 1-0


[Site "https://www.chess.com"]

[Event "Late Titled Tuesday Blitz February 8 2022"]
[White "Kouskoutis, Georgios-Alexandros"]
[Black "Ladan, Nicholas"]
[WhiteFideId "4234049"]
[BlackFideId "30918855"]
[WhiteElo "2130"]
[BlackElo "2284"]
[Result "1/2-1/2"]
[Round "03"]
[TimeControl "180+1"]
[Date "2022.02.09"]
[WhiteClock "0:00:11"]
[BlackClock "0:00:08"]

1. c4 c6 2. g3 d5 3. Bg2 Nf6 4. Nf3 Bf5 5. Qb3 Qb6 6. d3 Nbd7 7. Be3 c5 8. cxd5 Qxb3 9. axb3 Nxd5 10. Bd2 Bg6 11. Nh4 e6 12. Nc3 a6 13. Nxd5 exd5 14. Bxd5 O-O-O 15. Nxg6 fxg6 16. Bg2 Bd6 17. Bc3 Be5 18. Bxe5 Nxe5 19. Rc1 b6 20. b4 Rhe8 21. O-O Nd7 22. Rfe1 Kb8 23. bxc5 Nxc5 24. b4 Ne6 25. Rc6 Ka7 26. Rec1 Rd7 27. Bh3 Rde7 28. Bxe6 Rxe6 29. Rc7+ Kb8 30. e3 R8e7 31. Rxe7 Rxe7 32. d4 a5 33. bxa5 bxa5 34. Kf1 a4 35. Ke2 Ra7 36. Ra1 Kc7 37. Kd3 Kd6 38. e4 a3 39. Kc3 Ra4 40. f3 a2 41. Kb3 Rxd4 42. Rxa2 Rd3+ 43. Kc4 Rxf3 44. Kd4 Ke6 45. Ra6+ Kf7 46. Ra7+ Kf6 47. e5+ Kg5 48. Rxg7 h5 49. e6 Rf2 50. e7 Re2 51. Kd5 Kf6 52. Rh7 Rxe7 53. Rxe7 Kxe7 54. Ke5 Kf7 55. Kf4 Kf6 56. h4 Ke6 57. Kg5 Kf7 58. Kh6 Kf6 59. Kh7 Kf7 60. Kh8 g5 61. Kh7 gxh4 62. gxh4 Kf6 63. Kh6 Kf5 64. Kxh5 Kf6 65. Kh6 Kf7 66. Kh7 Kf8 67. h5 Kf7 68. h6 Kf8 69. Kh8 Kf7 70. h7 Kf8 1/2-1/2


[Site "https://www.chess.com"]

[Event "Late Titled Tuesday Blitz February 8 2022"]
[White "Kravtsiv, Martyn"]
[Black "Martin Duque, Jesus"]
[WhiteFideId "14113147"]
[BlackFideId "2208954"]
[WhiteElo "2694"]
[BlackElo "2243"]
[Result "1-0"]
[Round "03"]
[TimeControl "180+1"]
[Date "2022.02.08"]
[WhiteClock "0:02:15"]
[BlackClock "0:02:08"]

1. e4 c5 2. Nf3 e6 3. d4 cxd4 4. Nxd4 Nc6 5. Be2 Nf6 6. Nc3 Qc7 7. Be3 Be7 8. f4 d6 9. Qd2 a6 10. O-O-O Nxd4 11. Bxd4 b5 12. e5 dxe5 13. Bxe5 Qb6 14. Bf3 Bb7 15. Bxf6 1-0


[Site "https://www.chess.com"]

[Event "Late Titled Tuesday Blitz February 8 2022"]
[White "Krsnik Cohar, Ivan Vihor"]
[Black "Jones, Gawain C B"]
[WhiteFideId "14520044"]
[BlackFideId "409561"]
[WhiteElo "2414"]
[BlackElo "2657"]
[Result "1/2-1/2"]
[Round "03"]
[TimeControl "180+1"]
[Date "2022.02.08"]
[WhiteClock "0:00:18"]
[BlackClock "0:00:08"]

1. d4 Nf6 2. Bg5 g6 3. Nd2 Bg7 4. c3 O-O 5. e4 h6 6. Bh4 d6 7. Ngf3 c5 8. dxc5 dxc5 9. Bc4 Nc6 10. Qe2 Nh5 11. Qe3 b6 12. Rd1 Qc7 13. O-O Bg4 14. Rfe1 Na5 15. Bd5 Rac8 16. Nc4 e6 17. Nxa5 exd5 18. Nb3 dxe4 19. Qxe4 Bf5 20. Qa4 g5 21. Bg3 Nxg3 22. hxg3 Rfd8 23. Nbd2 Rd7 24. Nf1 Rcd8 25. Ne3 Be6 26. a3 Qb7 27. Qc2 Rxd1 28. Rxd1 Rxd1+ 29. Qxd1 Qd7 30. Qe2 b5 31. Kh2 a5 32. Nd2 c4 33. Ne4 Qe7 34. Qf3 b4 35. axb4 axb4 36. Nf5 Bxf5 37. Qxf5 bxc3 38. bxc3 Qe6 39. Qxe6 fxe6 40. Nd6 Bxc3 41. Nxc4 Kf7 42. g4 e5 43. Kg3 Ke6 44. Kf3 Bd4 45. Ne3 Ba7 46. Nf5 e4+ 47. Ke2 Ke5 48. Nxh6 Bb6 49. g3 Kf6 50. Nf5 Ke5 51. Ne7 Ke6 52. Nc6 Kd5 53. Nb4+ Ke5 54. Nc2 Bc5 55. Ne3 Kd4 56. Nf5+ Ke5 57. Ne3 Kd4 58. Nc2+ Kc3 59. Ne1 Kd4 60. Ng2 Ke5 61. f3 exf3+ 62. Kxf3 Kd5 63. Ne1 Kd4 64. Nc2+ Kd3 65. Ne1+ Kd2 66. Ng2 Kd3 67. Ne1+ Kd2 68. Ng2 Kd3 69. Nf4+ gxf4 70. gxf4 Kd4 71. g5 Kd5 72. Kg4 Ke6 73. f5+ Kf7 74. g6+ Kf6 75. Kh5 Bf8 76. Kg4 Bh6 77. Kh5 Bg7 78. Kg4 Bh6 79. Kh5 Bg7 80. Kg4 Bh6 1/2-1/2


[Site "https://www.chess.com"]

[Event "Late Titled Tuesday Blitz February 8 2022"]
[White "Krstulovic, Alex"]
[Black "Golubenko, Valentina"]
[WhiteFideId "760056"]
[BlackFideId "4501993"]
[WhiteElo "2193"]
[BlackElo "2164"]
[Result "0-1"]
[Round "03"]
[TimeControl "180+1"]
[Date "2022.02.09"]
[WhiteClock "0:00:07"]
[BlackClock "0:00:08"]

1. e4 e6 2. d4 d5 3. e5 c5 4. c3 Nc6 5. Nf3 Nge7 6. Na3 Nf5 7. Nc2 Be7 8. g4 Nh4 9. Nxh4 Bxh4 10. Bd3 c4 11. Be2 f6 12. exf6 Qxf6 13. O-O O-O 14. Be3 Qg6 15. f4 Be7 16. Kh1 Bd6 17. Ne1 Qe4+ 18. Ng2 b5 19. Bf3 Qg6 20. f5 Qf7 21. Bf4 Be7 22. Ne3 Kh8 23. Bg2 Rd8 24. fxe6 Qxe6 25. Qf3 Bb7 26. Nf5 Bf8 27. Rae1 Qf7 28. Bg5 Rd7 29. Qh3 Qg6 30. Qh4 b4 31. Rf2 bxc3 32. bxc3 Ba3 33. Ref1 Re8 34. Ne7 Bxe7 35. Bxe7 h6 36. Rf8+ Rxf8 37. Rxf8+ Kh7 38. Bc5 Rf7 39. Rxf7 Qxf7 40. Qg3 Qg6 41. h4 Qb1+ 42. Kh2 Qg6 43. Bf3 Nd8 44. Qc7 Ne6 45. Qxb7 Qf6 46. Qxd5 Qxh4+ 47. Kg1 Qg3+ 48. Kf1 Qh3+ 49. Ke2 Nf4+ 50. Ke3 Nxd5+ 0-1


[Site "https://www.chess.com"]

[Event "Late Titled Tuesday Blitz February 8 2022"]
[White "Laith, Kasib"]
[Black "Kopczynski, Michal"]
[WhiteFideId "4801059"]
[BlackFideId "1124200"]
[WhiteElo "1982"]
[BlackElo "2235"]
[Result "0-1"]
[Round "03"]
[TimeControl "180+1"]
[Date "2022.02.09"]
[WhiteClock "0:00:26"]
[BlackClock "0:00:16"]

1. Nf3 d6 2. g3 e5 3. d3 f5 4. Bg2 Nf6 5. O-O g6 6. Nbd2 Bg7 7. e4 O-O 8. c3 Nc6 9. b4 fxe4 10. Nxe4 Nxe4 11. dxe4 Be6 12. Ng5 Qd7 13. Nxe6 Qxe6 14. Qb3 Kf7 15. f4 Ke7 16. f5 Qxb3 17. axb3 Bf6 18. Bh6 Rf7 19. h4 a5 20. b5 Nb8 21. Rf2 Nd7 22. Bh3 Nc5 23. fxg6 hxg6 24. Bg2 Nxb3 25. Raf1 a4 26. g4 a3 27. g5 a2 28. gxf6+ Ke8 29. Rb2 a1=Q 30. Rxa1 Rxa1+ 31. Kh2 Nc5 32. Rf2 Re1 33. Bd2 Rxe4 34. Bxe4 Nxe4 35. Rg2 Nxd2 36. Rxd2 Rxf6 37. Ra2 Kd7 38. Ra7 b6 39. Kg3 Rf4 40. Ra8 Rc4 41. Rg8 Rxc3+ 42. Kg4 Ke6 43. Rxg6+ Kf7 44. Rh6 Rc5 45. Rh7+ Kg6 46. Rd7 Rc4+ 47. Kg3 e4 48. Re7 d5 49. Kf4 Kf6 50. Rd7 Ke6 51. Rh7 Rc3 52. Rh6+ Kd7 53. Rh7+ Kd6 54. Rh6+ Kc5 55. Rc6+ Kd4 56. Rxc3 Kxc3 57. h5 Kd2 58. h6 e3 59. h7 e2 60. h8=Q e1=Q 61. Qd4+ Kc2 62. Qxd5 Qd2+ 63. Qxd2+ Kxd2 64. Ke5 Kc3 65. Kd5 Kb4 66. Kc6 Kc4 67. Kxc7 Kxb5 68. Kd6 Kc4 69. Kc6 b5 0-1


[Site "https://www.chess.com"]

[Event "Late Titled Tuesday Blitz February 8 2022"]
[White "Lenderman, Aleksandr"]
[Black "Lysiak-Poltorak, Magdalena"]
[WhiteFideId "2021285"]
[BlackFideId "1117335"]
[WhiteElo "2836"]
[BlackElo "2509"]
[Result "1-0"]
[Round "03"]
[TimeControl "180+1"]
[Date "2022.02.09"]
[WhiteClock "0:00:44"]
[BlackClock "0:00:20"]

1. b3 c5 2. Bb2 Nc6 3. e3 Nf6 4. Nf3 e6 5. c4 Be7 6. Nc3 O-O 7. Be2 b6 8. O-O Bb7 9. Re1 Rc8 10. Rc1 d5 11. cxd5 Nxd5 12. Nxd5 Qxd5 13. Bc4 Qh5 14. Qe2 Rfd8 15. Red1 Bf6 16. Bxf6 gxf6 17. Ba6 Bxa6 18. Qxa6 Rc7 19. a3 Qd5 20. Qc4 Rcd7 21. Qxd5 Rxd5 22. Kf1 Ne5 23. Nxe5 fxe5 24. Ke2 f5 25. b4 cxb4 26. axb4 R8d7 27. Rc6 Kf7 28. d3 Rb5 29. Rc4 Ke7 30. Rdc1 Kd6 31. Rh4 a5 32. bxa5 bxa5 33. Kf3 Rb2 34. Ra4 Ra7 35. Rc8 Rb4 36. Ra3 a4 37. Rcc3 Rab7 38. Rc1 Ra7 39. Rca1 h5 40. g3 Kd5 41. h3 Kc5 42. R1a2 Kb5 43. Rc3 Ra5 44. Raa3 Ra6 45. Rc8 Ka5 46. Ra1 Rb5 47. Rh8 Kb4 48. Rxh5 a3 49. Rh4+ Kc3 50. Rc4+ Kb2 51. Rcc1 a2 52. h4 Ka3 53. h5 Rc6 54. Rxc6 1-0


[Site "https://www.chess.com"]

[Event "Late Titled Tuesday Blitz February 8 2022"]
[White "Li, Ben"]
[Black "Sviridov, Valery"]
[WhiteFideId "2089980"]
[BlackFideId "4120680"]
[WhiteElo "2267"]
[BlackElo "2454"]
[Result "0-1"]
[Round "03"]
[TimeControl "180+1"]
[Date "2022.02.08"]
[WhiteClock "0:00:11"]
[BlackClock "0:00:19"]

1. d4 g6 2. e4 Bg7 3. c4 d6 4. Nc3 e5 5. d5 f5 6. exf5 gxf5 7. Qh5+ Kf8 8. Bd3 Nf6 9. Qh4 Qe7 10. Qg3 Na6 11. Nge2 f4 12. Qg5 Nxd5 13. Qxe7+ Nxe7 14. g3 Nc5 15. Bc2 f3 16. Ng1 Nc6 17. Nxf3 Bg4 18. Nh4 Nd4 19. Bb1 e4 20. Be3 Re8 21. O-O Ne2+ 22. Nxe2 Bxe2 23. Re1 Bxc4 24. Bxc5 dxc5 25. Bxe4 Bxb2 26. Rab1 Bc3 27. Rec1 Bxa2 28. Rxb7 Rxe4 29. Rb8+ Ke7 30. Rb7 Be5 31. Nf5+ Ke6 32. Ne3 a5 33. Rxc5 a4 34. Ra5 Bb3 35. Ra6+ Bd6 36. Rxc7 a3 37. Rcc6 Rd8 38. Rxa3 Ba4 39. Ra6 Bb5 40. Rb6 Ra4 41. Rc3 Be8 42. Rd3 Bg6 43. Rd1 Ke7 44. Nd5+ Kf7 45. Nf4 Bc7 46. Rxd8 Bxb6 47. Rd7+ Ke8 48. Rd6 Bc7 49. Re6+ Kd7 50. Rf6 Bxf4 51. gxf4 Ke7 52. Rb6 Rxf4 53. Kg2 Kf7 54. Kg3 Rf6 55. Rb7+ Kg8 56. f4 Rf7 57. Rb8+ Kg7 58. Rb6 Rc7 59. Kg4 Rc1 60. h3 Rg1+ 61. Kf3 Kh6 62. Rb5 Rc1 63. Kg3 Rc3+ 64. Kh4 Rf3 65. Kg4 Rf1 66. f5 Bh5+ 67. Kh4 Rf4+ 68. Kg3 Rf3+ 69. Kh4 Rf4+ 70. Kg3 Ra4 71. Rc5 Kg5 72. h4+ Kf6 73. Kh3 Bg4+ 74. Kg3 Bxf5 75. Rc6+ Be6 76. Rc5 Rg4+ 77. Kf3 Rxh4 78. Ra5 h5 79. Kg3 Rg4+ 80. Kh2 Rg5 81. Ra3 Kg6 82. Rf3 h4 83. Rf8 Kh5 84. Rf4 Re5 85. Ra4 Re2+ 86. Kg1 h3 87. Kh1 Bd5+ 88. Kg1 h2+ 89. Kf1 h1=Q+ 90. Kxe2 Qf3+ 91. Kd2 Qf2+ 92. Kc3 Qe1+ 93. Kb2 Qd2+ 94. Ka3 Qc3# 0-1


[Site "https://www.chess.com"]

[Event "Late Titled Tuesday Blitz February 8 2022"]
[White "Lin, Dachey"]
[Black "Tari, Aryan"]
[WhiteFideId "2029650"]
[BlackFideId "1510045"]
[WhiteElo "2737"]
[BlackElo "2567"]
[Result "1-0"]
[Round "03"]
[TimeControl "180+1"]
[Date "2022.02.08"]
[WhiteClock "0:00:17"]
[BlackClock "0:00:08"]

1. Nc3 c5 2. e4 Nc6 3. f4 g6 4. Nf3 Bg7 5. Bc4 a6 6. f5 b5 7. Bd5 Nf6 8. d3 Nxd5 9. exd5 Nd4 10. fxg6 hxg6 11. O-O O-O 12. Ne4 d6 13. c3 Nf5 14. Nfg5 Bb7 15. Rxf5 Qd7 16. Rf1 Bxd5 17. Qe2 f5 18. Nf2 e5 19. Bd2 c4 20. Rae1 Rae8 21. b3 cxb3 22. axb3 Bxb3 23. c4 bxc4 24. dxc4 Qc6 25. Qd3 Bxc4 26. Qh3 Rf6 27. Rc1 Qd5 28. Rfd1 Bb3 29. Re1 Qxd2 30. Qxb3+ d5 31. Red1 Qxg5 32. Qxd5+ Kh7 33. Rc7 Rff8 34. Qb7 Qf6 35. Rdd7 Rg8 36. Rf7 Qd6 37. Rxg7+ Rxg7 38. Rxg7+ Kh6 39. Rh7+ Kg5 40. h4+ Kf4 41. Qf3# 1-0


[Site "https://www.chess.com"]

[Event "Late Titled Tuesday Blitz February 8 2022"]
[White "Loay, Sameer"]
[Black "Li, Hui"]
[WhiteFideId "8104239"]
[BlackFideId "15400310"]
[WhiteElo "2040"]
[BlackElo "1954"]
[Result "0-1"]
[Round "03"]
[TimeControl "180+1"]
[Date "2022.02.09"]
[WhiteClock "0:01:13"]
[BlackClock "0:00:03"]

1. Nf3 d5 2. g3 Bg4 3. Bg2 Nd7 4. O-O c6 5. d4 Ngf6 6. c4 e6 7. Nc3 Be7 8. Ne5 Bf5 9. cxd5 exd5 10. Bf4 O-O 11. Qb3 Qb6 12. e3 Rfe8 13. Rfc1 h6 14. Nxd7 Nxd7 15. h3 g5 16. Be5 f6 17. g4 fxe5 18. gxf5 exd4 19. exd4 Qxb3 20. axb3 Bf6 21. Rd1 a6 22. Bf3 Re7 23. Ne2 Rae8 24. Ng3 Bg7 25. h4 gxh4 26. Nh5 Nf6 27. Nf4 Ne4 28. Ne6 Bf6 29. Bxe4 dxe4 30. Re1 Rxe6 31. fxe6 Rxe6 32. Rad1 Kf7 33. d5 cxd5 34. Rxd5 Bxb2 35. Rd6 Rxd6 36. Rxe4 Rg6+ 37. Kf1 Re6 38. Rxh4 Bg7 39. Rc4 Re7 40. Kg2 Ke8 41. Kg3 Rf7 42. f4 Bf8 43. Kg4 Bd6 44. Rc8+ Kd7 45. Rh8 Rxf4+ 46. Kh3 Re4 47. Rh7+ Re7 48. Rxh6 b5 49. Kg4 Kc6 50. Kf5 Re5+ 51. Kf6 Re3 52. Rh8 Be5+ 0-1


[Site "https://www.chess.com"]

[Event "Late Titled Tuesday Blitz February 8 2022"]
[White "Lopez Mulet, Inigo"]
[Black "Nikologorsky, Matfei"]
[WhiteFideId "22235620"]
[BlackFideId "24102474"]
[WhiteElo "2315"]
[BlackElo "2231"]
[Result "0-1"]
[Round "03"]
[TimeControl "180+1"]
[Date "2022.02.09"]
[WhiteClock "0:01:01"]
[BlackClock "0:00:36"]

1. Nf3 d5 2. b3 Nf6 3. Bb2 g6 4. g3 Bg7 5. Bg2 O-O 6. O-O c5 7. d3 Nc6 8. Nbd2 b6 9. c4 d4 10. Nxd4 Nxd4 11. Bxd4 Qxd4 12. Bxa8 Bh3 13. Bg2 Bxg2 14. Kxg2 e5 15. Nf3 Qd6 16. Qc2 Ne8 17. e4 Nc7 18. a3 Rd8 19. Rfd1 Ne6 20. Qc3 f5 21. b4 Rf8 22. Re1 f4 23. g4 h5 24. h3 hxg4 25. hxg4 Nd4 26. Rg1 Ne2 27. Qd2 Nxg1 28. Rxg1 Rd8 29. Rd1 Qe6 30. Nh2 Bf8 31. f3 Rd7 32. Nf1 Rh7 33. Qf2 cxb4 34. axb4 Bxb4 35. Nd2 Bc5 36. Qe2 Qe7 37. Rh1 Rxh1 38. Kxh1 Qh4+ 39. Qh2 Qe1+ 40. Kg2 Qxd2+ 41. Kh3 Qxd3 42. Qa2 Qxf3+ 43. Kh2 Qg3+ 44. Kh1 Qg1# 0-1


[Site "https://www.chess.com"]

[Event "Late Titled Tuesday Blitz February 8 2022"]
[White "Makarian, Rudik"]
[Black "Kim, Sergey"]
[WhiteFideId "44105681"]
[BlackFideId "13700570"]
[WhiteElo "2486"]
[BlackElo "2618"]
[Result "1-0"]
[Round "03"]
[TimeControl "180+1"]
[Date "2022.02.08"]
[WhiteClock "0:00:42"]
[BlackClock "0:00:03"]

1. e4 e5 2. Nf3 Nc6 3. Bb5 a6 4. Ba4 Nf6 5. d3 b5 6. Bb3 Bc5 7. h3 d6 8. O-O h6 9. c3 O-O 10. Re1 Re8 11. Nbd2 Be6 12. Nf1 Bxb3 13. axb3 Bb6 14. Ng3 Ne7 15. Nh4 Ng6 16. Nhf5 Kh7 17. Nh5 Nxh5 18. Qxh5 Qf6 19. Be3 Nf4 20. Bxf4 exf4 21. Qg4 g6 22. Nh4 Re5 23. Nf3 h5 24. Qd7 Ree8 25. d4 Kg7 26. h4 Qe6 27. Qc6 Qg4 28. e5 dxe5 29. Rxe5 Rxe5 30. Nxe5 Qc8 31. Qd5 Qe8 32. Qf3 f6 33. Nd3 a5 34. Re1 Qg8 35. Re7+ Kf8 36. Qe4 Rd8 37. Nxf4 1-0


[Site "https://www.chess.com"]